AoeStats
← trixnate

Arena

506043851Analyzed
1v1 RM · 19d ago on Sep 12, 2026· 38m 51s· 2 players
Game mode
Random Map
Map size
Tiny (2 player)
Population
200
Speed
Normal
Resources
Standard
Victory
Conquest
Starting age
Dark Age
Ending age
Imperial Age
RankedLock teamsTeams togetherTeam positionsShared explorationLock speedFull tech treeHidden civsTurbo modeCheats
Victory
Defeat
🇹🇼 Koreans · Taiwan
942
+17
🇳🇿 Vikings · New Zealand
964
-17
福瓜
0:44 Loom
10:08 Feudal Age
16:21 Castle Age
14:40 Double-Bit Axe
16:47 Wheelbarrow
19:45 Gold Mining
25:22 Fletching
32:12 Imperial Age
31:30 Eupseong
37:44 Hand Cart
38:15 Gold Shaft Mining
38:02 Bodkin Arrow
trixnate
9:37 Loom
12:01 Feudal Age
18:03 Castle Age
18:16 Elite Skirmisher
22:00 Fletching
22:09 Double-Bit Axe
24:46 Bodkin Arrow
25:02 Horse Collar
25:37 Bow Saw
28:10 Padded Archer Armor
29:29 Forging
32:55 Imperial Age
30:59 Town Watch
31:56 Gold Mining
32:57 Ballistics
32:33 Murder Holes
34:06 Town Patrol
36:18 Light Cavalry
Connection lost

Rejoining the realm…

Still unreachable

The connection could not be restored.

Session expired

The server has moved on; the page needs a fresh start.